 Dungeon Crawl Stone Soup version 0.24.1-8-ga250c9d538 (webtiles) character file.

Game seed: 173593023983317676, levelgen mode: deterministic

579 gigarf the Gusty (level 7, -5/48 HPs)
             Began as a Demonspawn Air Elementalist on Apr 27, 2020.
             Was a Follower of Vehumet.
             Killed by nerve-wracking pain
             ... invoked by Menkaure
              (7 damage)
             ... on level 4 of the Dungeon.
             The game lasted 01:20:11 (5313 turns).

gigarf the Gusty (Demonspawn Air Elementalist)      Turns: 5313, Time: 01:20:11

Health: -5/48      AC:  7    Str:  8    XL:     7   Next: 13%
Magic:  6/12       EV: 27    Int: 19    God:    Vehumet [*.....]
Gold:   128        SH:  0    Dex: 13    Spells: 12/13 levels left

rFire    . . .     SeeInvis .   p - +1 dagger (drain)
rCold    . . .     Gourm    .   (no shield)
rNeg     . . .     Faith    .   a - +1 robe
rPois    .         Spirit   .   (no helmet)
rElec    .         Reflect  .   (no cloak)
rCorr    .         Harm     .   (no gloves)
MR       .....                  y - +0 pair of boots
Stlth    ++........             l - amulet of the acrobat
HPRegen  0.16/turn              (no ring)
MPRegen  0.13/turn              (no ring)

@: acrobat
A: icy blue scales 2, foul stench 1, spiny 1, rot immunity
a: Renounce Religion


You were on level 4 of the Dungeon.
You worshipped Vehumet.
Vehumet was aware of your devotion.
You were hungry.

You visited 1 branch of the dungeon, and saw 4 of its levels.

You collected 128 gold pieces.

Inventory:

Hand Weapons
 d - a +0 dagger
 g - a +0 whip
 h - a +1 spear of freezing
 k - a cursed -2 short sword
 m - a +1 hunting sling
 o - a +0 spear
 p - a +1 dagger of draining (weapon)
 u - a +1 dagger of venom
 A - a +3 flail
Missiles
 e - 87 sling bullets
 n - 113 stones (quivered)
 t - 2 throwing nets
Armour
 a - a +1 robe (worn)
 b - a +0 leather armour
 y - a +0 pair of boots (worn)
Jewellery
 l - an amulet of the acrobat (around neck)
 w - an uncursed amulet of guardian spirit
 x - an uncursed amulet of guardian spirit
 z - an uncursed ring of stealth
Scrolls
 i - a scroll of fog
 j - 2 scrolls of remove curse
 s - a scroll of teleportation
Potions
 q - a potion of heal wounds
 r - a potion of flight
 v - a potion of curing
Comestibles
 c - a ration


   Skills:
 + Level 1.2 Fighting
 + Level 1.7(1.8) Slings
 + Level 0.5(1.2) Throwing
 + Level 2.1 Dodging
 * Level 3.0 Stealth
 + Level 3.7 Spellcasting
 + Level 3.2 Conjurations
 + Level 4.6 Air Magic


You had 12 spell levels left.
You knew the following spells:

 Your Spells              Type           Power        Failure   Level  Hunger
a - Shock                 Conj/Air       ###.         2%          1    None

Your spell library contained the following spells:

 Spells                   Type           Power        Failure   Level  Hunger
 Magic Dart               Conj           ###.         3%          1    None
 Swiftness                Chrm/Air       ##......     9%          2    ##.....
 Static Discharge         Conj/Air       ###.....     9%          3    ###....
 Airstrike                Air            ###.......   21%         4    ####...
 Lightning Bolt           Conj/Air       ###.......   61%         5    ######.


Dungeon Overview and Level Annotations

Branches:
Dungeon (4/15)
 Temple: D:4-7

Altars:
Ashenzari
Dithmenos
Trog
Vehumet

Annotations:
D:4 Menkaure


Innate Abilities, Weirdness & Mutations

You are mostly covered in icy blue scales. (AC +3)
You may emit foul miasma when damaged in melee.
You are partially covered in sharp spines.
You are immune to rotting.


Message History

Aiming: Shock (safe; 2% risk of failure)
Press: ? - help, Shift-Dir - straight line, f/p - Menkaure
Aim: Menkaure (severely damaged, fast)
The zap hits Menkaure but does no damage.
Menkaure is severely damaged.
Menkaure hits you.
* * * LOW HITPOINT WARNING * * *
Casting: Shock (safe; 2% risk of failure)
Confirm with . or Enter, or press ? or * to list all spells.
Aiming: Shock (safe; 2% risk of failure)
Press: ? - help, Shift-Dir - straight line, f/p - Menkaure
Aim: Menkaure (severely damaged, fast)
Okay, then.
As you read the scroll of fog, it crumbles to dust.
The scroll dissolves into smoke.
Menkaure is struck by your spines. Menkaure hits you!
* * * LOW HITPOINT WARNING * * *
Menkaure gestures at you while chanting.
Pain shoots through your body!
You die...

.## *..P.≈≈≈*≈,,,,,,, ).########
*....,≈,≈*,,,,,** (........#
*#.)#,,*,,,,,,** #)######.#
#..#*****,,,** #)# #.# #.(# *****
#.## #.# #).# ...## #.# #..#
*******
....####.#########§.######*,,,,,,
.....).......§§M@§§.......,,*****
....######.#######§#######***
...## #.........# ####
###########


You could see Menkaure.

Vanquished Creatures
  An ogre (D:4)
  2 scorpions (D:4)
  3 orc wizards
  An iguana (D:2)
  A worker ant (D:4)
  A hound skeleton (D:4)
  A howler monkey zombie (D:3)
  4 adders
  10 gnolls
  An ooze (D:2)
  2 worms (D:2)
  4 dart slugs
  13 orcs
  8 bats
  5 giant cockroaches
  12 goblins
  6 hobgoblins
  9 kobolds
  A quokka (D:2)
  3 frilled lizards
  6 rats
94 creatures vanquished.

Notes
Turn   | Place    | Note
-------+----------+-------------------------------------------
     0 | D:1      | gigarf the Demonspawn Air Elementalist began the quest for
                  | the Orb.
     0 | D:1      | Reached XP level 1. HP: 13/13 MP: 3/3
   173 | D:1      | Reached skill level 3 in Air Magic
   292 | D:1      | Gained mutation: You are partially covered in sharp spines.
                  | [demonic ancestry]
   292 | D:1      | Reached XP level 2. HP: 15/19 MP: 0/5
  1287 | D:2      | Gained mutation: You are partially covered in icy blue
                  | scales. (AC +2) [demonic ancestry]
  1287 | D:2      | Reached XP level 3. HP: 5/25 MP: 0/6
  1302 | D:2      | HP: 1/25 [poisoned by an adder]
  2302 | D:2      | Gained mutation: You are immune to rotting. [demonic
                  | ancestry]
  2302 | D:2      | Reached XP level 4. HP: 31/31 MP: 1/7
  2370 | D:2      | Reached skill level 1 in Slings
  2450 | D:2      | Reached skill level 1 in Fighting
  2812 | D:2      | Gained mutation: You are mostly covered in icy blue scales.
                  | (AC +3) [demonic ancestry]
  2812 | D:2      | Reached XP level 5. HP: 37/37 MP: 6/9
  3613 | D:3      | Found a shattered altar of Ashenzari.
  3622 | D:3      | Found a radiant altar of Vehumet.
  3627 | D:3      | Found a bloodstained altar of Trog.
  3631 | D:3      | Found a shadowy altar of Dithmenos.
  3647 | D:3      | Became a worshipper of Vehumet
  4028 | D:3      | Found a faded altar of an unknown god.
  4566 | D:3      | Reached XP level 6. HP: 42/43 MP: 6/10
  4951 | D:4      | Reached skill level 4 in Air Magic
  5077 | D:4      | Reached * piety under Vehumet
  5077 | D:4      | Offered knowledge of Magic Dart by Vehumet.
  5238 | D:4      | Gained mutation: You may emit foul miasma when damaged in
                  | melee. [demonic ancestry]
  5238 | D:4      | Reached XP level 7. HP: 23/48 MP: 5/12
  5273 | D:4      | Noticed Menkaure
  5312 | D:4      | HP: 2/48 [Menkaure (11)]
  5313 | D:4      | Killed from afar by Menkaure

Levels and vault maps discovered:
D:1:      minmay_arrival_checkered_box, layout_loops_ring,
          hangedman_decor_clover_reticule, chequers_arboretum, minivault_25,
          minmay_misc_feat_columns, chequers_serial_rivers_room_b,
          minmay_misc_feat_pillars
D:2:      layout_loops_ring, first_ration, kennysheep_potato
D:3:      layout_basic, grunt_temple_overflow_cloverleaf,
          chequers_ecumenical_altar_grove, columned_hall_lemuel
D:4:      layout_loops_ring, cheibrodos_sewer_entry_sluice, serial_bayou_pond_a,
          minmay_misc_feat_hallway, uniq_menkaure

Skill      XL: |  1  2  3  4  5  6  7 |
---------------+----------------------+-----
Air Magic      | 3 4 |  4.6
Stealth        | 2 3 |  3.0
Slings         | 1 |  1.7
Fighting       | 1 |  1.2
Dodging        | 2 |  2.1
Conjurations   | 2 3 |  3.2
Spellcasting   | 3 |  3.7
Throwing       | |  0.5

Action                   |  1- 3 |  4- 6 |  7- 9 || total
-------------------------+-------+-------+-------++-------
Melee: Dagger            |       |     8 |       ||     8
 Fire: Hunting sling     |    16 |     1 |       ||    17
Throw: Stone             |       |    21 |       ||    21
 Cast: Shock             |    81 |   162 |     9 ||   252
  Use: Potion            |     6 |     5 |       ||    11
       Scroll            |     8 |     5 |     1 ||    14
 Stab: Sleeping          |       |     1 |       ||     1
  Eat: Ration            |     2 |     2 |       ||     4
Armor: Robe              |     7 |    10 |     1 ||    18
Dodge: Dodged            |    30 |    24 |     5 ||    59
